 Dungeon Crawl Stone Soup version 0.26.1-11-gd32895ea62 (webtiles) character file.

Game seed: 12565414987799000100

5033 eagelman13508 the Basher (level 10, -1/88 HPs)
             Began as a Troll Berserker on June 14, 2021.
             Was a High Priest of Trog.
             Killed from afar by an electric eel (9 damage)
             ... with a bolt of electricity
             ... on level 8 of the Dungeon on June 15, 2021.
             The game lasted 00:50:53 (7501 turns).

eagelman13508 the Basher (Troll Berserker)          Turns: 7501, Time: 00:50:54

Health: -1/88      AC: 13    Str: 30    XL:     10   Next: 30%
Magic:  9/9        EV: 10    Int:  3    God:    Trog [*****.]
Gold:   459        SH:  0    Dex:  9    Spells: 9/9 levels left

rFire    . . .     SeeInvis .   C - +1 flail (protect)
rCold    . . .     Faith    .   (no shield)
rNeg     . . .     Spirit   .   b - +0 animal skin
rPois    .         Reflect  .   (helmet restricted)
rElec    .         Harm     .   G - +2 cloak
rCorr    +         Rampage  .   (gloves unavailable)
Will     .....                  (boots unavailable)
Stlth    +.........             n - amulet of magic regeneration
HPRegen  0.64/turn              e - ring of resist corrosion
MPRegen  0.36/turn              r - +4 ring of protection

@: no status effects
A: large, unfitting armour, claws 3, regeneration 1, shaggy fur 1, tough skin 3
a: Renounce Religion, Berserk, Trog's Hand, Brothers in Arms


You were on level 8 of the Dungeon.
You worshipped Trog.
Trog was extremely pleased with you.
You visited 1 branch of the dungeon, and saw 8 of its levels.

You collected 459 gold pieces.

Inventory:

Hand Weapons
 w - a +0 giant club
 C - a +1 flail of protection (weapon)
Missiles
 g - 17 poisoned darts (quivered)
 i - 219 stones
 j - 13 boomerangs
 v - 3 atropa-tipped darts
 z - a boomerang of dispersal
 E - a throwing net
Armour
 b - a +0 animal skin (worn)
 G - a +2 cloak (worn)
 I - cursed +0 steam dragon scales
Jewellery
 e - a ring of resist corrosion (left claw)
 n - an amulet of magic regeneration (around neck)
 r - a +4 ring of protection (right claw)
Wands
 a - a wand of flame (13)
 q - a wand of random effects (39)
 u - a wand of enslavement (2)
 y - a wand of paralysis (9)
 A - a wand of polymorph (7)
Scrolls
 d - 8 scrolls of teleportation
 h - 11 scrolls of identify
 l - a scroll of enchant weapon
 m - a scroll of enchant armour {unknown}
 p - 2 scrolls of amnesia
 t - 2 scrolls of fear {unknown}
 x - 2 scrolls of remove curse
 H - a scroll of fog {unknown}
Potions
 c - 2 potions of lignification {unknown}
 f - 2 potions of curing
 k - 2 potions of haste {unknown}
 o - a potion of resistance {unknown}
 s - 2 potions of mutation {unknown}
 B - a potion of heal wounds {unknown}
 D - 2 potions of attraction {unknown}
 F - a potion of ambrosia {unknown}


   Skills:
 - Level 2.6 Fighting
 + Level 13.4 Maces & Flails
 - Level 2.0 Throwing
 - Level 2.6 Dodging


You had 9 spell levels left.
You didn't know any spells.
Your spell library was empty.

Dungeon Overview and Level Annotations

Branches:
Dungeon (8/15)             Temple (0/1) D:5            Lair (0/6) D:8

Altars:
Fedhas
Kikubaaqudgha
Makhleb
Sif Muna
Trog
Vehumet

Shops:
D:6 (=([

Portals:
Abyss: D:3

Annotations:
D:3 2 transporters, bnorton916's ghost, amateur FoEE


Innate Abilities, Weirdness & Mutations

You are too large for most types of armour.
You have claws for hands.
Your natural rate of healing is unusually fast.
You are covered in fur. (AC +1)
You have extremely tough skin. (AC +3)


Message History

A bolt of electricity appears from out of your range of vision.
The bolt of electricity hits your iron troll but does no damage.
The electric eel shoots out a bolt of lightning at you!
The bolt of electricity hits you. The bolt of electricity hits you!
* * * LOW HITPOINT WARNING * * *
The electric eel shoots out a bolt of lightning at you!
The bolt of electricity misses your iron troll.
The bolt of electricity hits you!
* * * LOW HITPOINT WARNING * * *
You feel better.
The electric eel shoots out a bolt of lightning at you!
The bolt of electricity hits the hound!
The bolt of electricity hits you!
* * * LOW HITPOINT WARNING * * *
The bolt of electricity hits you.
* * * LOW HITPOINT WARNING * * *
An orc comes into view. It is wielding a +0 short sword.
The electric eel shoots out a bolt of lightning at you!
The bolt of electricity hits your iron troll.
The bolt of electricity hits the hound.
The bolt of electricity hits you!
You die...

≈ ≈≈.. .o.
#.###.#.#
≈≈≈;≈≈≈T..
#.###.#.#
≈;≈≈≈≈;≈o..
#.......#
;≈.T$o.########.###
≈≈≈;.....# #.# ..>
..(....#.# #.# ≈.h
≈≈≈≈≈(h#.######(#
.≈;
≈≈≈≈≈....(.[.(.(#
≈≈≈
≈≈≈≈...#@########
≈≈≈ .≈≈≈...#.# ≈≈≈
..≈.≈....# ≈≈≈
≈.......## ≈≈≈
........# ##.
#####(..# #####


You could see a troll, a hound, 2 electric eels, 2 orcs and a friendly iron
troll (summoned, slow).

Vanquished Creatures
  An ugly thing (D:8)
  Maurice (D:8)
  Joseph (D:8)
  Grinder (D:6)
  Prince Ribbit (D:6)
  Sigmund (D:2)
  Edmund (D:4)
  A sky beast (D:8)
  An ice beast (D:5)
  3 black bears (D:7)
  An orc warrior (D:7)
  4 ogres
  A centaur (D:7)
  4 wolves
  A big kobold (D:7)
  Blork the orc (D:6)
  2 bullfrogs
  4 scorpions
  6 killer bees (D:6)
  A centaur zombie (D:4)
  9 hounds
  A quasit (D:8)
  A jelly (D:5)
  An orc priest (D:4)
  Crazy Yiuf (D:6)
  7 orc wizards
  A bullfrog skeleton (D:8)
  Ijyb (D:4)
  2 iguanas
  2 worker ants
  A hound zombie (D:6)
  4 gnolls
  A howler monkey skeleton (D:6)
  12 adders
  2 shadow imps
  3 oozes
  An adder skeleton (D:6)
  A worm (D:4)
  2 dart slugs (D:1)
  3 leopard geckos
  28 orcs
  7 giant cockroaches
  17 goblins
  8 hobgoblins
  26 jackals
  11 kobolds
  5 quokkas
  9 bats
  5 frilled lizards
  5 rats
214 creatures vanquished.

Vanquished Creatures (collateral kills)
  Maggie (D:8)
  A jelly (D:8)
2 creatures vanquished.

Vanquished Creatures (others)
  An orc wizard (D:4)
1 creature vanquished.

Grand Total: 217 creatures vanquished

Notes
Turn   | Place    | Note
-------+----------+-------------------------------------------
     0 | D:1      | eagelman13508 the Troll Berserker began the quest for the
                  | Orb.
     0 | D:1      | Reached XP level 1. HP: 22/22 MP: 0/0
   118 | D:1      | Reached XP level 2. HP: 29/29 MP: 1/1
   261 | D:1      | Reached skill level 3 in Maces & Flails
   639 | D:1      | Reached XP level 3. HP: 31/36 MP: 2/2
   952 | D:2      | You fall into a shaft and drop 1 floor!
  1016 | D:3      | Noticed a big kobold
  1035 | D:3      | Found a transporter.
  1037 | D:3      | Noticed a small abomination
  1043 | D:3      | Found a one-way gate to the infinite horrors of the Abyss.
  1043 | D:3      | Noticed bnorton916's ghost (amateur FoEE)
  1051 | D:3      | Found a transporter.
  1069 | D:3      | Reached ** piety under Trog
  1079 | D:3      | Reached skill level 4 in Maces & Flails
  1197 | D:3      | Reached XP level 4. HP: 30/44 MP: 3/3
  1591 | D:3      | Noticed a small abomination
  1901 | D:2      | Reached *** piety under Trog
  2016 | D:2      | Noticed Sigmund
  2024 | D:2      | Killed Sigmund
  2025 | D:2      | Reached skill level 6 in Maces & Flails
  2025 | D:2      | Reached XP level 5. HP: 50/50 MP: 4/4
  2025 | D:2      | Reached XP level 6. HP: 59/59 MP: 5/5
  2910 | D:4      | Noticed Ijyb
  2930 | D:4      | Killed Ijyb
  3032 | D:4      | Reached **** piety under Trog
  3097 | D:4      | Reached skill level 7 in Maces & Flails
  3099 | D:4      | Reached XP level 7. HP: 56/66 MP: 6/6
  3271 | D:4      | Noticed Edmund
  3299 | D:4      | Killed Edmund
  3300 | D:4      | Reached skill level 8 in Maces & Flails
  3300 | D:4      | Reached skill level 1 in Throwing
  3302 | D:4      | HP: 4/99 [centaur zombie (5)]
  3565 | D:4      | Found a burning altar of Makhleb.
  3709 | D:4      | Reached XP level 8. HP: 74/74 MP: 7/7
  3751 | D:4      | Reached skill level 9 in Maces & Flails
  3978 | D:5      | Entered Level 5 of the Dungeon
  4112 | D:5      | Found a radiant altar of Vehumet.
  4116 | D:5      | Found an ancient bone altar of Kikubaaqudgha.
  4117 | D:5      | Found a shimmering blue altar of Sif Muna.
  4840 | D:5      | Found a staircase to the Ecumenical Temple.
  4962 | D:6      | Noticed Blork the orc
  4971 | D:6      | Killed Blork the orc
  5181 | D:6      | Found a runed translucent door.
  5182 | D:6      | Noticed Crazy Yiuf
  5223 | D:6      | Found a blossoming altar of Fedhas.
  5240 | D:6      | Found Kazal's Jewellery Shoppe.
  5246 | D:6      | Reached skill level 10 in Maces & Flails
  5303 | D:6      | Found Terifoq's Weapon Shoppe.
  5331 | D:6      | Noticed Grinder
  5364 | D:6      | Killed Grinder
  5503 | D:6      | Noticed Prince Ribbit
  5512 | D:6      | Killed Prince Ribbit
  5513 | D:6      | Reached XP level 9. HP: 73/80 MP: 8/8
  5570 | D:6      | Found Gobierao's Weapon Shoppe.
  5623 | D:6      | Found Miumokk's Antique Armour Shoppe.
  5744 | D:6      | Killed Crazy Yiuf
  5917 | D:6      | Reached skill level 11 in Maces & Flails
  6348 | D:7      | Found a bloodstained altar of Trog.
  6535 | D:7      | Reached skill level 12 in Maces & Flails
  6754 | D:7      | Reached ***** piety under Trog
  7078 | D:8      | Found a staircase to the Lair.
  7173 | D:8      | Noticed Maurice
  7245 | D:8      | Killed Maurice
  7264 | D:8      | Reached XP level 10. HP: 88/88 MP: 9/9
  7302 | D:8      | Noticed a brown ugly thing
  7313 | D:8      | Killed a brown ugly thing
  7314 | D:8      | Reached skill level 13 in Maces & Flails
  7417 | D:8      | Noticed Joseph
  7440 | D:8      | Killed Joseph
  7445 | D:8      | Noticed Maggie
  7474 | D:8      | Killed Maggie
  7501 | D:8      | Killed from afar by an electric eel

Illustrated notes

Levels and vault maps discovered:
D:1:      heliophobic_arrival_battle_scene, layout_basic
D:2:      cheibrodos_helix_gallery, layout_basic, grunt_decor_arrowhead,
          uniq_sigmund
D:3:      layout_loops_ring, gammafunk_ghost_abyssal_escape, minmay_misc_feat_x
D:4:      kennysheep_the_goblin_king, layout_loops_ring,
          makhleb_blood_cavern_becter, uniq_edmund
D:5:      layout_gridville, grunt_temple_overflow_magic_moments, temple_hall,
          minmay_crystal_room
D:6:      layout_basic, kennysheep_little_box, serial_shops, kennysheep_mini,
          kennysheep_mini_moat, shop_statue, shop, uniq_grinder,
          uniq_crazy_yiuf_cottage, uniq_prince_ribbit1, uniq_blork_the_orc
D:7:      layout_loops_ring, trog_ov_bears_minmay, grunt_ministairs_2
D:8:      layout_loops_cross, erik_lair_island, serial_shops,
          nicolae_shop_behind_doors, kb_lookout_dungeons_type, uniq_maurice,
          uniq_maggie, uniq_joseph

Skill      XL: |  1  2  3  4  5  6  7  8  9 10 |
---------------+-------------------------------+-----
Maces & Flails | 3 4 6 7 8 10 12 13 | 13.4
Throwing       | 1 2 |  2.0
Fighting       | |  2.6
Dodging        | |  2.6

Action                   |  1- 3 |  4- 6 |  7- 9 | 10-12 || total
-------------------------+-------+-------+-------+-------++-------
Melee: Mace              |   121 |   227 |    62 |       ||   410
       Flail             |       |       |   383 |    43 ||   426
Throw: Dart              |       |     3 |    28 |     5 ||    36
Invok: Berserk           |     2 |     4 |    10 |     1 ||    17
       Trog's Hand       |       |       |     1 |     1 ||     2
       Brothers in Arms  |       |       |       |     1 ||     1
  Use: Scroll            |       |     2 |     4 |       ||     6
       Potion            |       |       |     1 |     1 ||     2
 Stab: Sleeping          |     1 |       |       |       ||     1
       Distracted        |       |       |     1 |       ||     1
Armor: Animal skin       |    62 |   144 |   207 |    22 ||   435
Dodge: Dodged            |    73 |   184 |   248 |    25 ||   530
